Map: Neon Violet Square LE

Players

Elazer - Winner!

  • Race: Zerg Zerg
  • Spawn Location: 11:00

Nice

  • Race: Protoss Protoss
  • Spawn Location: 5:00

Event: IEM Season 12 - PyeongChang

VOD

Have the link to the VOD?

Description

Time

  • Played on: Feb. 4, 2018, 10:51 p.m.
  • Length: 5:25

All games in this series

Show
View Real Time Build Order
Export as new Build Order

Elazer Zerg - Winner!

Build Orders: Hatch First 

Get SALT Encoding   

  12  0:00  Drone  
  13  0:13  Overlord  
  13  0:18  Drone  
  14  0:31  Drone x2  
  16  0:48  Hatchery  
  15  0:53  Drone  
  15  0:55  Drone  
  17  0:58  Drone  
  18  1:11  Extractor  
  17  1:15  Spawning Pool  
  16  1:19  Drone  
  16  1:22  Drone  
  18  1:29  Drone  
  19  1:39  Drone  
  20  1:50  Overlord  
  20  2:01  Queen x2  
  20  2:02  Zergling x2  
  20  2:03  Zergling x2  
  26  2:12  Metabolic Boost  
  26  2:13  Drone  
  26  2:15  Drone  
  28  2:22  Drone x2  
  30  2:38  Hatchery  
  30  2:40  Drone  
  30  2:43  Drone  
  31  2:49  Overlord  
  31  2:55  Queen  
  31  2:58  Drone  
  34  3:02  Overlord  
  34  3:09  Drone x2  
  36  3:22  Drone x2  
  36  3:23  Drone x2  
  36  3:25  Drone x2  
  36  3:26  Drone  
  42  3:35  Extractor  
  42  3:37  Overlord  
  42  3:38  Drone, Roach Warren  
  41  3:45  Drone x2  
  41  3:47  Drone, Extractor  
  43  3:48  Overlord  
  43  3:50  Drone  
  43  3:51  Drone  
  45  3:57  Drone  
  45  3:59  Drone  
  45  4:02  Drone x4  
  51  4:09  Overlord  
  51  4:18  Roach x5  
  51  4:23  Spine Crawler  
  60  4:24  Roach  
  60  4:27  Roach  
  60  4:30  Roach  
  66  4:33  Roach  
  66  4:35  Roach  
  70  4:39  Ravager x2  
  70  4:41  Roach  
  70  4:45  Overlord  
  71  4:55  Roach x3  
  73  5:04  Ravager  
  73  5:05  Zergling x2  
  73  5:06  Zergling x4  
Show
View Real Time Build Order
Export as new Build Order

Nice Protoss 

Build Orders: 1 Gate Expand 

Get SALT Encoding   

  12  0:00  Probe  
  13  0:12  Probe  
  14  0:20  Pylon  
  14  0:24  Probe  
  15  0:38  Gateway  
  15  0:41  Probe (Chrono Boost)  
  16  0:48  Assimilator  
  17  0:51  Probe (Chrono Boost)  
  17  0:56  Probe (Chrono Boost)  
  18  1:08  Probe (Chrono Boost)  
  19  1:17  Probe (Chrono Boost)  
  20  1:22  Probe (Chrono Boost)  
  21  1:32  Nexus  
  21  1:39  Cybernetics Core  
  21  1:45  Assimilator  
  21  1:48  Probe  
  22  1:56  Pylon  
  22  2:00  Probe  
  23  2:12  Stalker (Chrono Boost)  
  23  2:14  Probe  
  26  2:16  Warp Gate (Chrono Boost)  
  26  2:27  Probe  
  27  2:34  Robotics Facility  
  27  2:41  Sentry (Chrono Boost)  
  27  2:42  Probe  
  30  2:46  Probe  
  31  2:54  Probe  
  32  2:58  Gateway  
  32  3:05  Gateway  
  32  3:06  Sentry (Chrono Boost)  
  34  3:15  Gateway  
  34  3:21  Gateway  
  34  3:24  Warp Prism (Chrono Boost)  
  36  3:34  Gateway  
  36  3:37  Assimilator  
  36  3:43  Pylon  
  36  4:07  Shield Battery  
  36  4:14  Stalker x2  
  36  4:15  Stalker  
  36  4:16  Zealot x2  
  46  4:26  Pylon  
  46  4:31  Pylon  
  46  4:43  Zealot x4  
  46  5:01  Stalker  
  46  5:02  Stalker  
  46  5:03  Zealot x3  

Tags
 
Add a new tag
Caveats
  • Supply blocks, unpowered buildings, or Contaminate may cause inaccurate times.
  • Supply counts are checked every 10 seconds.